[Event "XXI Torredembarra Open 2019"]
[Site "Torredembarra"]
[Date "2019.07.11"]
[Round "6.1"]
[White "Farran Martos, Francesc X."]
[Black "Djuric, Stefan"]
[Result "1-0"]
[ECO "C45"]
[WhiteElo "2432"]
[BlackElo "2368"]
[Annotator "NA"]
[PlyCount "55"]
[EventDate "2019.07.06"]
[EventType "swiss"]
[EventCountry "ESP"]
[SourceTitle "playchess.com"]
[Source "ChessBase"]
[SourceQuality "1"]
[TimeControl "5400+30"]

1. e4 e5 2. Nf3 Nc6 3. d4 exd4 4. Nxd4 Bb4+ 5. c3 Bc5 6. Be3 Bb6 7. Nf5 g6 8. Bxb6 axb6 9. Ne3 Nf6 10. f3 O-O 11. c4 d5 12. cxd5 Nxe4 13. fxe4 Qh4+ 14. Kd2 Qxe4 15. Bd3 Qd4 16. Qb3 Re8 17. Re1 Ne5 18. Na3 Nxd3 19. Nac2 Qf4 20. Qxd3 Qxh2 21. Qd4 h5 22. Rf1 Re5 23. Rf4 Re8 24. Qf6 Rf8 25. Raf1 Bd7 26. Qe7 Bb5 27. Rxf7 Bxf1 28. Rg7+ 1-0

[Event "XXI Torredembarra Open 2019"]
[Site "Torredembarra"]
[Date "2019.07.11"]
[Round "6.2"]
[White "Dardha, Daniel"]
[Black "Sirera Bargallo, Tomas"]
[Result "1-0"]
[ECO "B07"]
[WhiteElo "2420"]
[BlackElo "2115"]
[Annotator "NA"]
[PlyCount "35"]
[EventDate "2019.07.06"]
[EventType "swiss"]
[EventCountry "ESP"]
[SourceTitle "playchess.com"]
[Source "ChessBase"]
[SourceQuality "1"]
[TimeControl "5400+30"]

1. e4 d6 2. d4 Nf6 3. Nc3 Nbd7 4. Nge2 e5 5. g3 Be7 6. Bg2 c6 7. a4 O-O 8. O-O exd4 9. Nxd4 Nc5 10. b3 Re8 11. Bb2 Bf8 12. Re1 Ne6 13. h3 Qb6 14. Nf5 Ng5 15. h4 Bxf5 16. a5 Qc5 17. hxg5 Ng4 18. Qd2 1-0

[Event "XXI Torredembarra Open 2019"]
[Site "Torredembarra"]
[Date "2019.07.11"]
[Round "6.3"]
[White "Valls Sole, Josep"]
[Black "Pogorelov, Ruslan"]
[Result "0-1"]
[ECO "B22"]
[WhiteElo "1797"]
[BlackElo "2347"]
[Annotator "NA"]
[PlyCount "90"]
[EventDate "2019.07.06"]
[EventType "swiss"]
[EventCountry "ESP"]
[SourceTitle "playchess.com"]
[Source "ChessBase"]
[SourceQuality "1"]
[TimeControl "5400+30"]

1. e4 c5 2. Nf3 e6 3. c3 Nf6 4. e5 Nd5 5. d4 cxd4 6. cxd4 d6 7. Bb5+ Bd7 8. Bxd7+ Qxd7 9. O-O Nc6 10. Bd2 Be7 11. Nc3 Nxc3 12. Bxc3 d5 13. h3 O-O 14. Qe2 a6 15. a4 Rac8 16. Rfc1 Rc7 17. Rc2 Rfc8 18. Rac1 h6 19. Bd2 Na7 20. Rxc7 Rxc7 21. Rxc7 Qxc7 22. Ne1 Qc6 23. a5 Nb5 24. Be3 Bb4 25. Nd3 Qc4 26. b3 Qxb3 27. Nxb4 Qxb4 28. Qg4 Kh7 29. Qf4 Qb1+ 30. Kh2 Qf5 31. Qxf5+ exf5 32. f4 Na3 33. Bd2 Nc4 34. Bb4 g5 35. Kg3 Kg6 36. Kf3 b6 37. axb6 Nxb6 38. Bc5 Nc4 39. Bb4 a5 40. Bc3 a4 41. g3 a3 42. Ke2 gxf4 43. gxf4 Kh5 44. Kd3 Kh4 45. Be1+ Kxh3 0-1

[Event "XXI Torredembarra Open 2019"]
[Site "Torredembarra"]
[Date "2019.07.11"]
[Round "6.4"]
[White "Iagar, Razvan-Gabriel"]
[Black "Lacasa Diaz, Jose Antonio"]
[Result "1/2-1/2"]
[ECO "D34"]
[WhiteElo "2138"]
[BlackElo "2391"]
[Annotator "NA"]
[PlyCount "47"]
[EventDate "2019.07.06"]
[EventType "swiss"]
[EventCountry "ESP"]
[SourceTitle "playchess.com"]
[Source "ChessBase"]
[SourceQuality "1"]
[TimeControl "5400+30"]

1. d4 d5 2. c4 e6 3. Nc3 c5 4. cxd5 exd5 5. Nf3 Nc6 6. g3 Nf6 7. Bg2 Be7 8. O-O O-O 9. dxc5 Bxc5 10. Na4 Be7 11. Be3 Bg4 12. Rc1 Qd7 13. Nc5 Bxc5 14. Rxc5 Rad8 15. Nd4 Rfe8 16. Re1 Ne4 17. Rc1 Bh3 18. Qa4 Nxd4 19. Qxd4 Bxg2 20. Kxg2 b6 21. Qb4 d4 22. Rcd1 Qc6 23. Rxd4 Rxd4 24. Qxd4 1/2-1/2

[Event "XXI Torredembarra Open 2019"]
[Site "Torredembarra"]
[Date "2019.07.11"]
[Round "6.5"]
[White "Gonzalez Rodriguez, Jorge A."]
[Black "Soler Lopez, Hugo"]
[Result "1/2-1/2"]
[ECO "A01"]
[WhiteElo "2201"]
[BlackElo "2072"]
[Annotator "NA"]
[PlyCount "159"]
[EventDate "2019.07.06"]
[EventType "swiss"]
[EventCountry "ESP"]
[SourceTitle "playchess.com"]
[Source "ChessBase"]
[SourceQuality "1"]
[TimeControl "5400+30"]

1. b3 e5 2. Bb2 Nc6 3. e3 Nf6 4. Bb5 Bd6 5. Ne2 a6 6. Bxc6 dxc6 7. d3 Qe7 8. Nd2 Be6 9. O-O h5 10. e4 h4 11. Nc4 Bxc4 12. bxc4 h3 13. g3 O-O-O 14. Nc3 Qe6 15. Qe2 Nd7 16. Nd1 g6 17. Bc1 f5 18. f3 f4 19. g4 Bc5+ 20. Kh1 Qd6 21. Bb2 Nf8 22. Nf2 Ne6 23. Rab1 Kb8 24. Bc3 Bd4 25. Bb4 Bc5 26. c3 Bxb4 27. Rxb4 c5 28. Rb3 Ng5 29. Rfb1 b6 30. Kg1 Qc6 31. Kf1 Rd6 32. Qd1 Ka7 33. Ke2 Rhd8 34. Qc2 R8d7 35. Ra3 Kb7 36. Rab3 Rd8 37. Rd1 Kc8 38. Rd2 Kb7 39. Rb1 Kc8 40. Rbd1 Kb7 41. Qb2 Kc8 42. a4 a5 43. Qb5 Kb7 44. d4 exd4 45. cxd4 Qxb5 46. cxb5 Rxd4 47. Rxd4 cxd4 48. Nd3 Ne6 49. Rc1 Rd6 50. e5 Rd5 51. Rc6 Nc5 52. Nxc5+ bxc5 53. e6 Re5+ 54. Kd2 d3 55. Kxd3 Re3+ 56. Kc4 Rxf3 57. Rxc5 Re3 58. Kd5 f3 59. Rc1 f2 60. Rf1 Re2 61. e7 Rxe7 62. Rxf2 Re3 63. Rf6 Re2 64. Rxg6 Rxh2 65. Ke5 Rh1 66. Kf4 Ra1 67. Kg3 Ra3+ 68. Kh2 Rxa4 69. Kxh3 Rb4 70. Rg5 a4 71. Rf5 Kb6 72. g5 Rxb5 73. Rxb5+ Kxb5 74. g6 a3 75. g7 a2 76. g8=Q a1=Q 77. Qb8+ Kc6 78. Qe8+ Kc5 79. Qe7+ Kb6 80. Qb4+ 1/2-1/2

[Event "XXI Torredembarra Open 2019"]
[Site "Torredembarra"]
[Date "2019.07.11"]
[Round "6.6"]
[White "Guasch Figuerola, Agusti"]
[Black "Galimany Rovira, Xavier"]
[Result "1/2-1/2"]
[ECO "B25"]
[WhiteElo "2071"]
[BlackElo "2086"]
[Annotator "NA"]
[PlyCount "113"]
[EventDate "2019.07.06"]
[EventType "swiss"]
[EventCountry "ESP"]
[SourceTitle "playchess.com"]
[Source "ChessBase"]
[SourceQuality "1"]
[TimeControl "5400+30"]

1. e4 c5 2. Nc3 g6 3. g3 Bg7 4. Bg2 Nc6 5. d3 Rb8 6. Nge2 b5 7. a3 d6 8. O-O Bd7 9. Rb1 a5 10. a4 bxa4 11. Nxa4 Nf6 12. b3 O-O 13. Bb2 Qc8 14. Qd2 Bh3 15. Ra1 Bxg2 16. Kxg2 e6 17. Bc3 Nb4 18. Nb2 d5 19. exd5 exd5 20. Rxa5 Re8 21. Na4 Na6 22. Qd1 Qc6 23. Kg1 h5 24. Nf4 d4 25. Bd2 Bf8 26. Nb2 Nc7 27. Nc4 Ne6 28. Ra1 Ng7 29. Re1 Nf5 30. Rxe8 Rxe8 31. Qf1 Bd6 32. Nxd6 Qxd6 33. Re1 Ra8 34. Nh3 Kg7 35. Bf4 Qd8 36. Be5 Kg8 37. Bxf6 Qxf6 38. Qe2 Ra2 39. Nf4 Kg7 40. h3 Nd6 41. h4 Nf5 42. Nh3 Qd6 43. Kg2 Qd5+ 44. Qe4 Qxe4+ 45. dxe4 Nh6 46. Rc1 Ng4 47. Nf4 Ne5 48. Nd3 Nxd3 49. cxd3 Rb2 50. Rxc5 Rxb3 51. Rd5 Rxd3 52. e5 Rd2 53. Kf3 Kf8 54. Ra5 Ke7 55. Ra6 d3 56. Rd6 Re2 57. Rxd3 1/2-1/2

[Event "XXI Torredembarra Open 2019"]
[Site "Torredembarra"]
[Date "2019.07.11"]
[Round "6.7"]
[White "Molano Lafuente, Ismael"]
[Black "Borrellas Comellas, Josep"]
[Result "1/2-1/2"]
[ECO "C47"]
[WhiteElo "2071"]
[BlackElo "1935"]
[Annotator "NA"]
[PlyCount "67"]
[EventDate "2019.07.06"]
[EventType "swiss"]
[EventCountry "ESP"]
[SourceTitle "playchess.com"]
[Source "ChessBase"]
[SourceQuality "1"]
[TimeControl "5400+30"]

1. e4 e5 2. Nf3 Nc6 3. Nc3 Nf6 4. a3 a6 5. d4 exd4 6. Nxd4 d6 7. Be2 Be7 8. Be3 Bd7 9. f3 Nxd4 10. Qxd4 c5 11. Qd2 Bc6 12. Bc4 b5 13. Bd5 Qc7 14. Bg5 Nxd5 15. Nxd5 Bxd5 16. Qxd5 O-O 17. Bxe7 Qxe7 18. O-O Qe5 19. Qxe5 dxe5 20. Rad1 Rfd8 21. Kf2 Kf8 22. Ke2 Ke7 23. Rxd8 Rxd8 24. Rd1 Rxd1 25. Kxd1 Kd6 26. b3 a5 27. Kd2 f6 28. Kd3 g6 29. Kd2 Kc6 30. g4 g5 31. h3 h6 32. Kc3 Kb6 33. Kd3 Kc6 34. c3 1/2-1/2

[Event "XXI Torredembarra Open 2019"]
[Site "Torredembarra"]
[Date "2019.07.11"]
[Round "6.8"]
[White "Fernandez Alonso, Miguel Angel"]
[Black "Estruch Andreu, Guim"]
[Result "1-0"]
[ECO "E75"]
[WhiteElo "2060"]
[BlackElo "1865"]
[Annotator "NA"]
[PlyCount "70"]
[EventDate "2019.07.06"]
[EventType "swiss"]
[EventCountry "ESP"]
[SourceTitle "playchess.com"]
[Source "ChessBase"]
[SourceQuality "1"]
[TimeControl "5400+30"]

1. d4 Nf6 2. c4 g6 3. Nc3 Bg7 4. e4 d6 5. h3 O-O 6. Bg5 c5 7. d5 e6 8. Be2 exd5 9. exd5 Nbd7 10. Nf3 Re8 11. O-O h6 12. Be3 a6 13. a4 Ne5 14. Nxe5 Rxe5 15. Qd2 Kh7 16. Bd3 Bf5 17. Bxf5 gxf5 18. Rfe1 Ne4 19. Qd3 Nxc3 20. bxc3 Qh4 21. Qf1 f4 22. Qd3+ Kg8 23. Bd2 Rg5 24. Qf3 Be5 25. Re4 f5 26. Ree1 Rf8 27. Kf1 Rf7 28. Ke2 Rfg7 29. Rg1 Rg3 30. fxg3 Rxg3 31. Qf2 Qe7 32. Kd1 Qc7 33. a5 b6 34. Kc2 bxa5 35. Ra3 Rg7 1-0

[Event "XXI Torredembarra Open 2019"]
[Site "Torredembarra"]
[Date "2019.07.11"]
[Round "6.9"]
[White "Usov, Aleksandr E."]
[Black "Saldana Caballe, Enric"]
[Result "1/2-1/2"]
[ECO "B22"]
[WhiteElo "1809"]
[BlackElo "2060"]
[Annotator "NA"]
[PlyCount "105"]
[EventDate "2019.07.06"]
[EventType "swiss"]
[EventCountry "ESP"]
[SourceTitle "playchess.com"]
[Source "ChessBase"]
[SourceQuality "1"]
[TimeControl "5400+30"]

1. e4 c5 2. c3 g6 3. d4 cxd4 4. cxd4 d5 5. e5 a6 6. Nf3 Nc6 7. Nc3 Bg7 8. Bd3 Bg4 9. Be3 b5 10. O-O f6 11. exf6 Nxf6 12. h3 Bxf3 13. Qxf3 O-O 14. Qe2 Qb6 15. f4 e6 16. Rad1 Nh5 17. Kh2 Bxd4 18. Bxd4 Nxd4 19. Qe3 Rab8 20. Bxg6 Nf3+ 21. Qxf3 hxg6 22. Qg4 Rf6 23. Qg5 Rbf8 24. g3 b4 25. Ne2 Qe3 26. Qg4 Rc8 27. Rxd5 Rc2 28. Re5 Rxe2+ 29. Qxe2 Qxg3+ 30. Kh1 Qxh3+ 31. Kg1 Ng3 32. Qg2 Qxg2+ 33. Kxg2 Nxf1 34. Kxf1 Rxf4+ 35. Ke2 Kf7 36. Ra5 Rc4 37. Kd3 Rc6 38. Ra4 Rb6 39. Kc4 g5 40. Kc5 Rb5+ 41. Kc4 Rf5 42. Rxa6 Rf4+ 43. Kd3 Kf6 44. a4 bxa3 45. bxa3 g4 46. Ke3 Rf5 47. Ra4 Kg5 48. Ra8 Kh4 49. a4 Kg3 50. a5 Re5+ 51. Kd4 Re1 52. a6 e5+ 53. Kd5 1/2-1/2

[Event "XXI Torredembarra Open 2019"]
[Site "Torredembarra"]
[Date "2019.07.12"]
[Round "7.1"]
[White "Pogorelov, Ruslan"]
[Black "Farran Martos, Francesc X."]
[Result "0-1"]
[ECO "A30"]
[WhiteElo "2347"]
[BlackElo "2432"]
[Annotator "NA"]
[PlyCount "102"]
[EventDate "2019.07.06"]
[EventType "swiss"]
[EventCountry "ESP"]
[SourceTitle "playchess.com"]
[Source "ChessBase"]
[SourceQuality "1"]
[TimeControl "5400+30"]

1. Nf3 c5 2. c4 Nc6 3. d4 cxd4 4. Nxd4 e6 5. Nb5 Nf6 6. Nd6+ Bxd6 7. Qxd6 Ne4 8. Qd3 d5 9. cxd5 exd5 10. Nc3 O-O 11. Qxd5 Nd4 12. Qxe4 Bf5 13. Bg5 Bxe4 14. Bxd8 Nc2+ 15. Kd2 Rfxd8+ 16. Kc1 Rac8 17. Rb1 Nb4 18. Ra1 Nd5 19. e3 Nxc3 20. bxc3 Rxc3+ 21. Kb2 Rc2+ 22. Kb3 Rdd2 23. Bc4 Rxf2 24. Rhd1 g6 25. Rd7 Rf6 26. Rd4 Rb6+ 27. Ka3 Bxg2 28. Re1 Bh3 29. Bb3 Rxh2 30. Rh4 g5 31. Rg1 Rg6 32. Rh5 Rg2 33. Rh1 Bf5 34. e4 Bxe4 35. Rf1 Ra6+ 36. Kb4 Bg6 37. Rh3 Rd6 38. Rhf3 Rd7 39. a4 h5 40. Bc4 h4 41. Bb5 Re7 42. Kc5 g4 43. Rf6 Kg7 44. Kd6 Re6+ 45. Rxe6 fxe6 46. Kxe6 h3 47. a5 g3 48. a6 bxa6 49. Bc6 Rf2 50. Bb5 Rg2 51. Bc6 Rf2 0-1

[Event "XXI Torredembarra Open 2019"]
[Site "Torredembarra"]
[Date "2019.07.12"]
[Round "7.2"]
[White "Lacasa Diaz, Jose Antonio"]
[Black "Dardha, Daniel"]
[Result "1/2-1/2"]
[ECO "B32"]
[WhiteElo "2391"]
[BlackElo "2420"]
[Annotator "NA"]
[PlyCount "110"]
[EventDate "2019.07.06"]
[EventType "swiss"]
[EventCountry "ESP"]
[SourceTitle "playchess.com"]
[Source "ChessBase"]
[SourceQuality "1"]
[TimeControl "5400+30"]

1. e4 c5 2. Nf3 Nc6 3. d4 cxd4 4. Nxd4 e5 5. Nb5 d6 6. Bc4 a6 7. N5c3 Nf6 8. Bg5 Be7 9. Bxf6 Bxf6 10. O-O O-O 11. Nd5 b5 12. Bb3 Bg5 13. Nbc3 Be6 14. Qd3 Rc8 15. a4 b4 16. Ne2 a5 17. Rad1 Nb8 18. f4 exf4 19. Ndxf4 Bxb3 20. cxb3 Re8 21. Ng3 Nc6 22. Kh1 Ne5 23. Qxd6 Qxd6 24. Rxd6 Rc2 25. Rd5 Bxf4 26. Rxf4 Rxb2 27. Rxa5 Rxb3 28. Rb5 g6 29. Rf1 h5 30. Ne2 Nd3 31. Nd4 Ra3 32. h3 Rxe4 33. Nc6 Rc3 34. Rb7 Rxc6 35. Rfxf7 Nc5 36. Rg7+ Kf8 37. Rbf7+ Ke8 38. Ra7 Ne6 39. Rg8+ Nf8 40. Ra8+ Kd7 41. Raxf8 Kc7 42. a5 b3 43. Rc8+ Kb7 44. Rb8+ Ka7 45. Rxb3 h4 46. Rg7+ Ka6 47. Rb6+ Rxb6 48. axb6 Kxb6 49. Rxg6+ Kc5 50. Rg4 Kd5 51. Rxe4 Kxe4 52. Kg1 Kf4 53. Kf2 Ke4 54. Ke2 Kf4 55. Kf2 Ke5 1/2-1/2

[Event "XXI Torredembarra Open 2019"]
[Site "Torredembarra"]
[Date "2019.07.12"]
[Round "7.3"]
[White "Djuric, Stefan"]
[Black "Guasch Figuerola, Agusti"]
[Result "1-0"]
[ECO "E91"]
[WhiteElo "2368"]
[BlackElo "2071"]
[Annotator "NA"]
[PlyCount "145"]
[EventDate "2019.07.06"]
[EventType "swiss"]
[EventCountry "ESP"]
[SourceTitle "playchess.com"]
[Source "ChessBase"]
[SourceQuality "1"]
[TimeControl "5400+30"]

1. d4 Nf6 2. c4 c5 3. d5 g6 4. Nc3 d6 5. e4 Bg7 6. Nf3 O-O 7. Be2 a6 8. O-O e5 9. a3 Bg4 10. Ne1 Bxe2 11. Qxe2 Nbd7 12. Bg5 h6 13. Bd2 Ne8 14. a4 f5 15. f3 f4 16. Nd3 a5 17. g3 g5 18. Nb5 b6 19. Qg2 Ndf6 20. Rae1 Qd7 21. g4 Nh7 22. Kf2 Bf6 23. Ke2 Rf7 24. Ra1 Nf8 25. Kd1 Ng6 26. Kc2 Rh7 27. Be1 Qe7 28. Ra3 Qd8 29. Kb1 Kh8 30. Rb3 Ra6 31. Ka2 Kg8 32. Rg1 Kh8 33. Qc2 Kg8 34. Rc3 Qd7 35. Qd1 Ra8 36. Kb1 Kh8 37. Rc2 Kg8 38. Rcg2 Kh8 39. Qb3 Kg8 40. Nc3 Ra6 41. Qb5 Qxb5 42. cxb5 Ra8 43. b3 Rb8 44. Nd1 Kf7 45. N1b2 Bd8 46. Nc4 Kg8 47. Kc2 Kh8 48. Kd1 Kg8 49. Rc2 Kh8 50. Bc3 Re7 51. Ke2 Kg7 52. Rh1 Kg8 53. Kf2 Kf8 54. Ne1 Rf7 55. Ng2 Bf6 56. Rcc1 Ra7 57. Ke2 Kf7 58. h4 gxh4 59. Be1 Bg5 60. Nxh4 Nxh4 61. Bxh4 Kg6 62. Bf2 Rd7 63. Be1 Nf6 64. Bc3 Nxg4 65. fxg4 f3+ 66. Kf2 Bxc1 67. Rxc1 h5 68. gxh5+ Kxh5 69. Nxd6 Rxd6 70. Bxe5 Rdd8 71. Bxb8 Rxb8 72. Kxf3 Kg5 73. Rg1+ 1-0

[Event "XXI Torredembarra Open 2019"]
[Site "Torredembarra"]
[Date "2019.07.12"]
[Round "7.4"]
[White "Fernandez Alonso, Miguel Angel"]
[Black "Gonzalez Rodriguez, Jorge A."]
[Result "0-1"]
[ECO "E73"]
[WhiteElo "2060"]
[BlackElo "2201"]
[Annotator "NA"]
[PlyCount "68"]
[EventDate "2019.07.06"]
[EventType "swiss"]
[EventCountry "ESP"]
[SourceTitle "playchess.com"]
[Source "ChessBase"]
[SourceQuality "1"]
[TimeControl "5400+30"]

1. d4 Nf6 2. c4 c5 3. d5 e5 4. Nc3 d6 5. e4 g6 6. Be2 Bg7 7. h4 h5 8. Bg5 Nbd7 9. f3 a6 10. Nh3 Nf8 11. Nf2 N8h7 12. Be3 O-O 13. Qd2 Bd7 14. O-O-O Kh8 15. Kb1 Qa5 16. Rdg1 b5 17. Ncd1 Qb6 18. g4 bxc4 19. Bxc4 Bb5 20. Bb3 a5 21. Bc2 a4 22. Nd3 Rfb8 23. Nc1 Qa6 24. a3 Rb7 25. Rh2 Rab8 26. Bd3 Bxd3+ 27. Nxd3 hxg4 28. Nc3 gxf3 29. Qc2 Rb3 30. Ka1 Qc4 31. Bc1 Nxe4 32. Nxe4 Qxe4 33. Ne1 Qxd5 34. h5 e4 0-1

[Event "XXI Torredembarra Open 2019"]
[Site "Torredembarra"]
[Date "2019.07.12"]
[Round "7.5"]
[White "Soler Lopez, Hugo"]
[Black "Iagar, Razvan-Gabriel"]
[Result "1/2-1/2"]
[ECO "C07"]
[WhiteElo "2072"]
[BlackElo "2138"]
[Annotator "NA"]
[PlyCount "48"]
[EventDate "2019.07.06"]
[EventType "swiss"]
[EventCountry "ESP"]
[SourceTitle "playchess.com"]
[Source "ChessBase"]
[SourceQuality "1"]
[TimeControl "5400+30"]

1. e4 e6 2. d4 d5 3. Nd2 c5 4. exd5 Qxd5 5. Ngf3 cxd4 6. Bc4 Qd7 7. O-O Nc6 8. Nb3 Nf6 9. Nbxd4 Nxd4 10. Nxd4 a6 11. Re1 Bc5 12. Be3 Qc7 13. Qe2 O-O 14. c3 Bd6 15. h3 Bh2+ 16. Kh1 Bf4 17. Bb3 Bxe3 18. Qxe3 b6 19. Qg5 h6 20. Qh4 Bb7 21. Rad1 Rfe8 22. Rd3 Kh8 23. Rde3 Rad8 24. a3 Bd5 1/2-1/2

[Event "XXI Torredembarra Open 2019"]
[Site "Torredembarra"]
[Date "2019.07.12"]
[Round "7.6"]
[White "Sirera Bargallo, Tomas"]
[Black "Marina De La Torre, Ivan"]
[Result "1/2-1/2"]
[ECO "C00"]
[WhiteElo "2115"]
[BlackElo "2041"]
[Annotator "NA"]
[PlyCount "31"]
[EventDate "2019.07.06"]
[EventType "swiss"]
[EventCountry "ESP"]
[SourceTitle "playchess.com"]
[Source "ChessBase"]
[SourceQuality "1"]
[TimeControl "5400+30"]

1. e4 e6 2. d3 b5 3. Nf3 Bb7 4. g3 c5 5. Bg2 d6 6. c3 Be7 7. Nbd2 Nf6 8. O-O O-O 9. Re1 Qc7 10. a4 a6 11. b3 Nbd7 12. Bb2 Rac8 13. Qe2 Qb6 14. a5 Qc7 15. Rec1 Nb8 16. c4 1/2-1/2

[Event "XXI Torredembarra Open 2019"]
[Site "Torredembarra"]
[Date "2019.07.12"]
[Round "7.7"]
[White "Saldana Caballe, Enric"]
[Black "Castillo Dalmau, Arnau"]
[Result "1/2-1/2"]
[ECO "B47"]
[WhiteElo "2060"]
[BlackElo "1957"]
[Annotator "NA"]
[PlyCount "67"]
[EventDate "2019.07.06"]
[EventType "swiss"]
[EventCountry "ESP"]
[SourceTitle "playchess.com"]
[Source "ChessBase"]
[SourceQuality "1"]
[TimeControl "5400+30"]

1. e4 c5 2. Nf3 e6 3. Nc3 a6 4. d4 cxd4 5. Nxd4 Qc7 6. g3 Nc6 7. Bg2 Nf6 8. O-O Nxd4 9. Qxd4 Bc5 10. Qd3 d6 11. Na4 h6 12. Nxc5 dxc5 13. f4 O-O 14. c4 Rd8 15. Qe2 e5 16. fxe5 Qxe5 17. Bf4 Qd4+ 18. Be3 Bg4 19. Bxd4 Bxe2 20. Bxf6 Bxf1 21. Bxd8 Bxg2 22. Bb6 Bxe4 23. Bxc5 Rc8 24. b4 Bd3 25. Rc1 b6 26. Bxb6 Rxc4 27. Rxc4 Bxc4 28. a3 Kf8 29. Kf2 Ke7 30. Ke3 Kd7 31. Kd4 Bb5 32. Kc5 h5 33. Ba5 g6 34. Kb6 {[%emt 0:00:00] Kc6+} 1/2-1/2

[Event "XXI Torredembarra Open 2019"]
[Site "Torredembarra"]
[Date "2019.07.12"]
[Round "7.8"]
[White "Galimany Rovira, Xavier"]
[Black "Usov, Aleksandr E."]
[Result "1-0"]
[ECO "A11"]
[WhiteElo "2086"]
[BlackElo "1809"]
[Annotator "NA"]
[PlyCount "59"]
[EventDate "2019.07.06"]
[EventType "swiss"]
[EventCountry "ESP"]
[SourceTitle "playchess.com"]
[Source "ChessBase"]
[SourceQuality "1"]
[TimeControl "5400+30"]

1. c4 c6 2. Nf3 d5 3. g3 dxc4 4. Bg2 Nf6 5. O-O b5 6. d3 cxd3 7. Ne5 Bb7 8. Nxd3 e6 9. a4 a6 10. Nd2 Nbd7 11. Qc2 Nd5 12. Nb3 Bd6 13. Nbc5 Nxc5 14. Nxc5 Qe7 15. Nxb7 Qxb7 16. e4 Nb4 17. Qc3 O-O 18. Be3 e5 19. Rfd1 Qe7 20. Rxd6 Qxd6 21. Bc5 Qd3 22. Bxf8 Rxf8 23. Qxb4 Rc8 24. Qc3 Qxc3 25. bxc3 c5 26. Bf1 Rb8 27. axb5 axb5 28. Bxb5 Rxb5 29. Ra7 Rb8 30. Ra8 1-0

[Event "XXI Torredembarra Open 2019"]
[Site "Torredembarra"]
[Date "2019.07.12"]
[Round "7.9"]
[White "Zhukov, Anton"]
[Black "Molano Lafuente, Ismael"]
[Result "0-1"]
[ECO "B06"]
[WhiteElo "2087"]
[BlackElo "2071"]
[Annotator "NA"]
[PlyCount "146"]
[EventDate "2019.07.06"]
[EventType "swiss"]
[EventCountry "ESP"]
[SourceTitle "playchess.com"]
[Source "ChessBase"]
[SourceQuality "1"]
[TimeControl "5400+30"]

1. d4 g6 2. e4 Bg7 3. Nf3 d6 4. Bf4 a6 5. c3 h6 6. Nbd2 e6 7. Bd3 Nd7 8. Nc4 Ne7 9. Qd2 g5 10. Bg3 Ng6 11. e5 d5 12. Bxg6 fxg6 13. Ne3 h5 14. h4 g4 15. Ng5 Nf8 16. O-O Bh6 17. Bf4 Qe7 18. g3 Bd7 19. Ng2 Bb5 20. Rfe1 Bxg5 21. Bxg5 Qf7 22. a4 Bd7 23. Qd3 Qf5 24. Re3 Nh7 25. Qxf5 gxf5 26. Nf4 Nf8 27. b4 Kf7 28. Nd3 Rh7 29. Ree1 Bc6 30. Nb2 Nd7 31. a5 Bb5 32. Rac1 Ke8 33. c4 dxc4 34. Nxc4 Bxc4 35. Rxc4 c6 36. Kg2 Nf8 37. Kf1 Ng6 38. Ke2 Rf7 39. Ke3 Kd7 40. Rec1 Rc8 41. R1c2 Rc7 42. R4c3 Kc8 43. Rc1 Kb8 44. Ra1 Rc8 45. Rca3 Rcf8 46. Bf4 Ne7 47. Kd3 Nd5 48. Kc4 Rd7 49. Rd3 Nc7 50. Be3 Rd5 51. Bg5 Rf7 52. Be3 Rb5 53. Rb1 Nd5 54. Bf4 Kc7 55. Rdb3 Kd7 56. Kd3 Rf8 57. Kc4 Rb8 58. Bd2 Kc7 59. Bg5 Rg8 60. R1b2 Rg7 61. Rb1 Rd7 62. R1b2 Kc8 63. Bh6 b6 64. Bg5 Kb7 65. Bd2 Nc7 66. Bg5 Rbd5 67. Rd3 bxa5 68. bxa5+ Nb5 69. Be3 c5 70. Rdd2 cxd4 71. Bg5 Rxe5 72. Rb4 Red5 73. Kd3 e5 0-1

[Event "XXI Torredembarra Open 2019"]
[Site "Torredembarra"]
[Date "2019.07.13"]
[Round "8.1"]
[White "Dardha, Daniel"]
[Black "Farran Martos, Francesc X."]
[Result "1/2-1/2"]
[ECO "D36"]
[WhiteElo "2420"]
[BlackElo "2432"]
[Annotator "NA"]
[PlyCount "97"]
[EventDate "2019.07.06"]
[EventType "swiss"]
[EventCountry "ESP"]
[SourceTitle "playchess.com"]
[Source "ChessBase"]
[SourceQuality "1"]
[TimeControl "5400+30"]

1. d4 Nf6 2. c4 e6 3. Nc3 d5 4. cxd5 exd5 5. Bg5 Be7 6. e3 Nbd7 7. Bd3 O-O 8. Qc2 c6 9. Nge2 Re8 10. O-O Nf8 11. Rad1 h6 12. Bh4 Ne4 13. Bxe7 Qxe7 14. Bxe4 dxe4 15. d5 Bg4 16. dxc6 bxc6 17. Rd4 Ne6 18. Rc4 Ng5 19. Ng3 f5 20. Rxc6 h5 21. Nd5 Qf7 22. Nc7 h4 23. Nxa8 hxg3 24. fxg3 Rxa8 25. h3 Nxh3+ 26. gxh3 Bxh3 27. Rd1 Bg4 28. Rd2 Qxa2 29. Qc4+ Qxc4 30. Rxc4 a6 31. Rc7 Rb8 32. Rdd7 Rxb2 33. Rxg7+ Kf8 34. Rcf7+ Ke8 35. Ra7 Kf8 36. Rh7 Kg8 37. Rhc7 Rb8 38. Rxa6 Rd8 39. Ra1 Kf8 40. Kf2 Kg8 41. Ke1 Kf8 42. Rca7 Rd3 43. Rb7 Rd8 44. Rb3 Kf7 45. Ra2 Rd1+ 46. Kf2 Kf6 47. Rbb2 Kg5 48. Rd2 Rh1 49. Ra6 1/2-1/2

[Event "XXI Torredembarra Open 2019"]
[Site "Torredembarra"]
[Date "2019.07.13"]
[Round "8.2"]
[White "Gonzalez Rodriguez, Jorge A."]
[Black "Pogorelov, Ruslan"]
[Result "0-1"]
[ECO "A37"]
[WhiteElo "2201"]
[BlackElo "2347"]
[Annotator "NA"]
[PlyCount "88"]
[EventDate "2019.07.06"]
[EventType "swiss"]
[EventCountry "ESP"]
[SourceTitle "playchess.com"]
[Source "ChessBase"]
[SourceQuality "1"]
[TimeControl "5400+30"]

1. c4 c5 2. Nc3 g6 3. g3 Bg7 4. Bg2 Nc6 5. d3 b6 6. Nf3 Bb7 7. O-O d6 8. e3 Bxc3 9. bxc3 Qd7 10. e4 O-O-O 11. Nd2 f5 12. exf5 gxf5 13. Re1 Nf6 14. Nf3 Rhg8 15. Bg5 Rg6 16. Bxf6 Rxf6 17. d4 Na5 18. Qd3 e6 19. Nd2 Bxg2 20. Kxg2 h5 21. Qf3 Qb7 22. d5 e5 23. Qxh5 Qg7 24. Qe2 Rh8 25. Rh1 Rfh6 26. f3 Rh3 27. Rae1 Qh7 28. Nf1 Kc7 29. Kf2 f4 30. Qe4 fxg3+ 31. Kg2 Rxh2+ 32. Rxh2 gxh2 33. Qxh7+ Rxh7 34. Nxh2 Nxc4 35. Ng4 b5 36. Nf6 Rh6 37. Ne4 Kb6 38. Kg3 a5 39. Re2 b4 40. cxb4 cxb4 41. Kg4 a4 42. Kg5 Rh3 43. Kg4 Rh8 44. Kf5 b3 0-1

[Event "XXI Torredembarra Open 2019"]
[Site "Torredembarra"]
[Date "2019.07.13"]
[Round "8.3"]
[White "Molano Lafuente, Ismael"]
[Black "Djuric, Stefan"]
[Result "0-1"]
[ECO "B06"]
[WhiteElo "2071"]
[BlackElo "2368"]
[Annotator "NA"]
[PlyCount "120"]
[EventDate "2019.07.06"]
[EventType "swiss"]
[EventCountry "ESP"]
[SourceTitle "playchess.com"]
[Source "ChessBase"]
[SourceQuality "1"]
[TimeControl "5400+30"]

1. e4 g6 2. h4 d5 3. exd5 Nf6 4. Nc3 a6 5. a4 Bg4 6. f3 Bf5 7. Bc4 c6 8. dxc6 Nxc6 9. Nge2 e5 10. d3 Bc5 11. Bg5 h6 12. Bxf6 Qxf6 13. Nd5 Qd8 14. Ng3 Be6 15. Ne4 Bxd5 16. Bxd5 Be7 17. Bxc6+ bxc6 18. h5 f5 19. Nf2 g5 20. Qe2 O-O 21. Qxe5 Bb4+ 22. Kf1 Qd7 23. c3 Rae8 24. Qd4 Qxd4 25. cxd4 Re3 26. Rh3 Kg7 27. f4 gxf4 28. Rxe3 fxe3 29. Nd1 f4 30. Rc1 Rf5 31. Ke2 Rxh5 32. Rxc6 Rg5 33. Nxe3 fxe3 34. Kxe3 a5 35. Rc2 Kf6 36. Rc6+ Kf5 37. Rxh6 Rg3+ 38. Ke2 Rxg2+ 39. Kf3 Rxb2 40. Rh5+ Ke6 41. d5+ Kd6 42. Ke4 Re2+ 43. Kd4 Bc5+ 44. Kc4 Rc2+ 45. Kb3 Rc1 46. Kb2 Rg1 47. Kc3 Rg4 48. d4 Rxd4 49. Rh8 Rxa4 50. Kb3 Rb4+ 51. Kc2 Kxd5 52. Ra8 a4 53. Kc3 Rh4 54. Rd8+ Bd6 55. Ra8 Rh3+ 56. Kb2 a3+ 57. Ka2 Kc4 58. Rc8+ Bc5 59. Ra8 Rh2+ 60. Kb1 Kb3 0-1